AoeStats
← back

MegaRandom

503244653Analyzed
1v1 RM · 4d ago on Aug 30, 2026· 40m 53s· 2 players
Game mode
Random Map
Map size
Tiny (2 player)
Population
200
Speed
Normal
Resources
Standard
Victory
Conquest
Starting age
Dark Age
Ending age
Imperial Age
RankedLock teamsTeams togetherTeam positionsShared explorationLock speedFull tech treeHidden civsTurbo modeCheats
Victory
Defeat
🇺🇸 Italians · United States
928
+16
🇺🇸 Vikings · United States
921
-16
TimLimb
5:06 Loom
11:38 Feudal Age
20:54 Castle Age
21:27 Crossbowman
22:11 Fishing Lines
27:10 Fletching
27:22 Padded Archer Armor
27:58 Ballistics
28:23 Chieftains
28:39 Bodkin Arrow
28:56 Forging
28:47 Scale Mail Armor
36:58 Heated Shot
42:57 Imperial Age
Dishes Dave
14:01 Feudal Age
12:49 Loom
18:00 Castle Age
17:24 Double-Bit Axe
19:26 Bow Saw
20:42 Scale Barding Armor
20:48 Forging
25:56 Medium Warships
30:16 Crossbowman
31:43 Fletching
31:53 Padded Archer Armor
35:04 Wheelbarrow
37:14 Imperial Age
37:28 Leather Archer Armor
38:55 Chemistry
Connection lost

Rejoining the realm…

Still unreachable

The connection could not be restored.

Session expired

The server has moved on; the page needs a fresh start.